 Dungeon Crawl Stone Soup version 0.19.1 (webtiles) character file.

18 Idleism the Conjurer (level 2, -1/20 HPs)
             Began as a Draconian Conjurer on Dec 10, 2016.
             Was an Initiate of Ashenzari.
             Slain by a gnoll (7 damage)
             ... on level 2 of the Dungeon.
             The game lasted 00:05:10 (1175 turns).

Idleism the Conjurer (Draconian Conjurer)           Turns: 1175, Time: 00:05:10

Health: -1/20      AC:  4    Str: 10    XL:     2   Next: 51%
Magic:  11/14      EV: 12    Int: 15    God:    Ashenzari [......]
Gold:   48         SH:  0    Dex: 11    Spells: 1 memorised, 4 levels left

rFire  . . .     SeeInvis .     c - -1 dagger (curse)
rCold  . . .     Gourm    .     (armour unavailable)
rNeg   . . .     Faith    .     (no shield)
rPois  .         Spirit   .     (helmet restricted)
rElec  .         Reflect  .     (no cloak)
rCorr  .         Harm     .     (no gloves)
MR     .....                    (no boots)
Stlth  ++........               (no amulet)
                                (no ring)
                                h - ring of magical power

@: no status effects
A: unfitting armour, cold-blooded, AC +4
a: Curse Item, Renounce Religion


You were on level 2 of the Dungeon.
You worshipped Ashenzari.
Ashenzari was noncommittal.
You were not hungry.

You visited 1 branch of the dungeon, and saw 3 of its levels.

You collected 48 gold pieces.

Inventory:

Hand Weapons
 c - a cursed -1 dagger (weapon)
 d - a +0 short sword
 e - a +2 mace of protection
Jewellery
 h - a ring of magical power (left hand)
Potions
 i - a potion of cancellation {unknown}
Books
 a - a book of Conjurations

   Spells                             Type                      Level
   a - Magic Dart                     Conjuration                  1
   b - Searing Ray                    Conjuration                  2
   c - Dazzling Spray                 Conjuration/Hexes            3
   d - Fulminant Prism                Conjuration/Hexes            4
   e - Iskenderun's Mystic Blast      Conjuration                  4
   f - Iskenderun's Battlesphere      Conjuration/Charms           5
Comestibles
 b - a bread ration
 f - a chunk of flesh
 g - 4 fruits


   Skills:
 - Level 1.7 Dodging
 - Level 1.7 Stealth
 - Level 2.0 Spellcasting
 + Level 4.7 Conjurations


You had 4 spell levels left.
You knew the following spells:

 Your Spells              Type           Power        Failure   Level  Hunger
a - Magic Dart            Conj           ###.         3%          1    #......


Dungeon Overview and Level Annotations

Branches:
Dungeon (3/15)

Altars:
Ashenzari

Annotations:
D:3 Terence


Innate Abilities, Weirdness & Mutations

Your plain brown scales are hard. (AC +4)
You cannot fit into any form of body armour.
You are cold-blooded and may be slowed by cold attacks.


Message History

Press: ? - help, Shift-Dir - straight line, f - gnoll
Aim: a gnoll The magic dart hits the gnoll.
Casting: Magic Dart
Confirm with . or Enter, or press ? or * to list all spells.
Aiming: Magic Dart
Press: ? - help, Shift-Dir - straight line, f/p - gnoll
Aim: a gnoll The magic dart hits the gnoll.
The gnoll is lightly wounded.
The gnoll barely misses you.
Casting: Magic Dart
Confirm with . or Enter, or press ? or * to list all spells.
Aiming: Magic Dart
Press: ? - help, Shift-Dir - straight line, f/p - gnoll
Aim: a gnoll (lightly wounded)
The magic dart hits the gnoll.
The gnoll is moderately wounded.
The gnoll hits you!
You die...

#
#.#####.####..##.#
# #.# #.#
#..##.#### # #.#
#.# #........# #
#.# #.# #..#####.#
# #.#####.####..#
#.####### #
#.............#
#.......# #
#######.#.##..#
#.#####.#
#.#.##..#####.#
#.#.##..@g....#
#.#.##.###.####
..#.##.# #.#
###.##.# #.#
#.##.# #.#
.##.###.#######
...............
...............
##.....#.######


You could see a gnoll.

Vanquished Creatures
  A gnoll (D:2)
  An orc (D:2)
  2 kobolds (D:1)
  3 bats (D:1)
  A frilled lizard (D:1)
  A goblin (D:1)
  A rat (D:2)
10 creatures vanquished.

Notes
Turn   | Place    | Note
-------+----------+-------------------------------------------
     0 | D:1      | Idleism the Draconian Conjurer began the quest for the Orb.
     0 | D:1      | Reached XP level 1. HP: 14/14 MP: 3/3
   549 | D:1      | Found a shattered altar of Ashenzari.
   576 | D:1      | Became a worshipper of Ashenzari the Shackled
   936 | D:3      | Noticed an orc priest
   952 | D:3      | Noticed Terence
  1057 | D:2      | Reached XP level 2. HP: 13/20 MP: 3/5
  1128 | D:2      | Found a faded altar of an unknown god.
  1175 | D:2      | Slain by a gnoll

Action                   || total
-------------------------++-------
Melee: Dagger            ||    13
       Tailslap          ||     2
 Cast: Magic Dart        ||    31
  Use: Scroll            ||     2
       Potion            ||     2
  Eat: Chunk             ||     1
Armor: Skin              ||    55
Dodge: Dodged            ||    30
